 Dungeon Crawl Stone Soup version 0.21.1-1-g345015f (webtiles) character file.

102 diana the Chopper (level 4, -2/41 HPs)
             Began as a Hill Orc Fighter on May 27, 2018.
             Engulfed by Tiareth's ghost's noxious fumes (4 damage)
             ... on level 3 of the Dungeon.
             The game lasted 00:03:07 (1730 turns).

diana the Chopper (Hill Orc Fighter)                Turns: 1730, Time: 00:03:09

Health: -2/41      AC:  6    Str: 19    XL:     4   Next: 78%
Magic:  4/4        EV:  7    Int:  8    God:
Gold:   77         SH:  0    Dex: 10    Spells: 3/3 levels left

rFire    . . .     SeeInvis .   a - +0 war axe
rCold    . . .     Gourm    .   c - +0 shield
rNeg     . . .     Faith    .   b - +0 scale mail
rPois    .         Spirit   .   (no helmet)
rElec    .         Reflect  .   (no cloak)
rCorr    .         Harm     .   (no gloves)
MR       .....                  (no boots)
Stlth    ..........             (no amulet)
HPRegen  0.13/turn              (no ring)
MPRegen  0.09/turn              (no ring)

@: confused, slowed, very slow
A: no striking features
a: no special abilities


You were on level 3 of the Dungeon.
You were very hungry.

You visited 1 branch of the dungeon, and saw 3 of its levels.

You collected 77 gold pieces.

Inventory:

Hand Weapons
 a - a +0 war axe (weapon)
Armour
 b - a +0 scale mail (worn)
 c - a +0 shield (worn)
Wands
 k - a wand of scattershot (4)
Scrolls
 e - a scroll of fog {unknown}
 h - a scroll of fear {unknown}
 i - a scroll of random uselessness {unknown}
 j - 2 scrolls of remove curse {unknown}
 n - 2 scrolls of identify {unknown}
 o - a scroll of teleportation {unknown}
 p - a scroll of amnesia {unknown}
 q - a scroll of immolation {unknown}
Potions
 d - a potion of might
 g - 2 potions of lignification {unknown}
 l - 2 potions of flight {unknown}
 m - a potion of magic {unknown}
Comestibles
 f - 4 rations


   Skills:
 + Level 4.8 Fighting
 * Level 5.4 Axes
 - Level 3.2 Armour
 - Level 3.2 Shields


You had 3 spell levels left.
You didn't know any spells.

Dungeon Overview and Level Annotations

Branches:
Dungeon (3/15)

Altars:
Xom

Annotations:
D:3 Tiareth's ghost, amateur DEWz


Message History

The crimson imp hits you but does no damage.
Tiareth's ghost hits you but does no damage.
The crimson imp blinks!
The crimson imp grinds its teeth.
The crimson imp barely misses you. Tiareth's ghost casts a spell at you.
The ball explodes into a vile cloud!
The stinking cloud engulfs you!
The stinking cloud engulfs Tiareth's ghost.
Tiareth's ghost appears unharmed.
The stinking cloud engulfs the crimson imp.
The crimson imp appears unharmed.
The crimson imp blinks!
An orc comes into view. It is wielding a club.
The orc shouts!
You hear a shout! x2
You are feeling very hungry.
You barely miss Tiareth's ghost.
Tiareth's ghost is almost destroyed.
You hit the crimson imp but do no damage.
You are engulfed in noxious fumes.
You choke on the stench!
You are confused.
You die...

#.######.##.##
#.##.........#######
#....###..........)#
#..#####...(.#####.#
#.........#.## #.#..
#...####..#.# #.#.#
##...####..#.## ##.#.#
####...§§§...§...####.....
...o.....5@###†###.........
#####....W§§...# #.........
#.####.###.###..##..### #.
#..........<.).†.. .w
.............##.#### ...
###.###########.# #.# #.#
#.# #.. #.# #.#


You could see Tiareth's ghost, a crimson imp and an orc.

Vanquished Creatures
  2 adders (D:2)
  3 oozes
  4 worms
  5 dart slugs
  A leopard gecko (D:1)
  6 goblins
  4 hobgoblins
  4 jackals
  2 kobolds (D:2)
  7 bats
  6 frilled lizards
  10 rats
54 creatures vanquished.

Notes
Turn   | Place    | Note
-------+----------+-------------------------------------------
     0 | D:1      | diana the Hill Orc Fighter began the quest for the Orb.
     0 | D:1      | Reached XP level 1. HP: 19/19 MP: 1/1
    72 | D:1      | Reached skill level 3 in Axes
    73 | D:1      | Reached XP level 2. HP: 23/27 MP: 2/2
   240 | D:1      | Reached XP level 3. HP: 31/33 MP: 3/3
   296 | D:1      | Reached skill level 4 in Axes
   912 | D:2      | Found a shimmering altar of Xom.
   953 | D:2      | Reached XP level 4. HP: 21/41 MP: 4/4
  1213 | D:2      | Reached skill level 5 in Axes
  1708 | D:3      | Noticed Tiareth's ghost (amateur DEWz)
  1726 | D:3      | HP: 1/41 [crimson imp[Tiareth's ghost] (3)]
  1730 | D:3      | Engulfed by Tiareth's ghost's noxious fumes

Skill      XL: |  1  2  3  4 |
---------------+-------------+-----
Axes           | 3 4 5 |  5.4
Fighting       | 4 |  4.8
Armour         | |  3.2
Shields        | |  3.2

Action                   |  1- 3 |  4- 6 || total
-------------------------+-------+-------++-------
Melee: War axe           |   112 |    65 ||   177
  Eat: Chunk             |       |     2 ||     2
Armor: Scale mail        |    56 |    31 ||    87
Dodge: Dodged            |    45 |    23 ||    68
Block: Shield            |    62 |    28 ||    90
